 Dungeon Crawl Stone Soup version 0.31-b1-22-gc680215f68 (webtiles) character file.

Game seed: 17832107118171991360

65 monsoonserge the Ruffian (level 4, -3/32 HPs)
             Began as a Gnoll Shapeshifter on Jan 18, 2024.
             Slain by a gnoll
             ... wielding a +0 halberd
              (10 damage)
             ... on level 2 of the Dungeon.
             The game lasted 00:03:07 (1132 turns).

monsoonserge the Ruffian (Gnoll Shapeshifter)       Turns: 1132, Time: 00:03:07

Health: -3/32      AC:  0    Str: 15    XL:     4   Next: 13%
Magic:  5/5        EV: 17    Int:  9    God:
Gold:   111        SH:  0    Dex: 12    Spells: 5/5 levels left

rFire   . .          .
                       - Unarmed
rCold   . . .        (shield currently unavailable)
rNeg    . . .        a - melded +0 animal skin
rPois   .            (no helmet)
rElec   .            (no cloak)
rCorr   .            (no gloves)
SInv    .            (no boots)
Will    .....        (no amulet)
Stlth   +            (no ring)
HPRegen 0.25/turn    (no ring)
MPRegen 0.09/turn

%: no passive effects
@: flux-form, glowing
A: glow, contaminating, reduced hp, fangs 1, strong nose, distributed training
a: Begin Untransformation


You were on level 2 of the Dungeon.
You were something dangerously unstable.
You visited 1 branch of the dungeon, and saw 3 of its levels.

You collected 111 gold pieces.

Inventory:

Missiles
 f - 4 poisoned darts (quivered)
Armour
 a - a +0 animal skin (melded)
 g - a +0 scale mail
Talismans
 c - a beast talisman
 d - a flux talisman (active)
Scrolls
 i - a scroll of identify {unknown}
 j - a scroll of brand weapon {unknown}
Potions
 b - a potion of lignification
 e - 2 potions of heal wounds {unknown}
 h - a potion of curing {unknown}
 k - a potion of might {unknown}


   Skills:
 + Level 2.7 Fighting
 + Level 1.1 Short Blades
 + Level 1.1 Long Blades
 + Level 1.1 Axes
 + Level 1.1 Maces & Flails
 + Level 1.1 Polearms
 + Level 1.1 Staves
 + Level 1.1 Ranged Weapons
 + Level 1.1 Throwing
 + Level 1.1 Armour
 + Level 4.6 Dodging
 + Level 1.1 Stealth
 + Level 1.1 Shields
 + Level 6.6 Unarmed Combat
 + Level 1.1 Spellcasting
 + Level 0.8 Conjurations
 + Level 0.8 Hexes
 + Level 0.8 Summonings
 + Level 0.8 Necromancy
 + Level 0.8 Translocations
 + Level 0.8 Fire Magic
 + Level 0.8 Ice Magic
 + Level 0.8 Air Magic
 + Level 0.8 Earth Magic
 + Level 0.8 Alchemy
 + Level 1.2 Invocations
 + Level 1.1 Evocations
 + Level 6.5 Shapeshifting


You had 5 spell levels left.
You didn't know any spells.
Your spell library was empty.

Dungeon Overview and Level Annotations

Branches:
Dungeon (3/15)

Altars:


Innate Abilities, Weirdness & Mutations

You are something dangerously unstable.
You glow with magical radiation, making you easy to see and hit.
Foes you strike become dangerously contaminated with magical radiation.
Your maximum health is decreased, since you lack skill for your form.
You are incapable of wielding weapons or throwing items.
You have very sharp teeth.
Your uncanny sense of smell can sniff out nearby items.
Your experience applies equally to all skills.


Message History

You hit the gnoll.
The gnoll glows dangerously bright.
You bite the gnoll, but do no damage.
The gnoll is heavily wounded.
The gnoll completely misses you.
You hit the gnoll.
The gnoll shudders as magic cascades through it!
You kill the gnoll!
You have reached level 4!
You feel agile.
There is a stone staircase leading up here.
You climb upwards.
There is a stone staircase leading down here.
The gnoll barely misses you. The gnoll completely misses you.
You hit the gnoll.
The gnoll begins to glow.
The gnoll is lightly wounded.
The gnoll completely misses you. The gnoll barely misses you.
You hit the gnoll but do no damage.
The gnoll glows dangerously bright.
The gnoll is lightly wounded.
The gnoll closely misses you.
The gnoll hits you from afar with a +0 halberd!
You hit the gnoll.
The gnoll shudders as magic cascades through it.
The gnoll twists and deforms.
The gnoll is moderately wounded.
The gnoll closely misses you.
You barely miss the gnoll.
The gnoll is moderately wounded.
The gnoll closely misses you. The gnoll barely misses you.
You hit the gnoll.
The gnoll begins to glow.
The gnoll is moderately wounded.
The gnoll hits you from afar with a +0 halberd!
The gnoll closely misses you.
You hit the gnoll.
The gnoll glows dangerously bright.
The gnoll is heavily wounded.
The gnoll completely misses you.
The gnoll hits you from afar with a +0 spear.
* * * LOW HITPOINT WARNING * * *
The gnoll attacks as it pursues you!
The gnoll hits you from afar with a +0 halberd!
You die...

#.......#...#.#.#####.
###.......#.#<..........
∆..#.....#...#.#...######
#...#...#.###.#.#..#
.....####.# #.#....#
..........# #.#.#..# .
........# #.#.#..#
#..#.#...####.#.#..#
.......p...........#
#.#.##.........###.#
∆#.##.gg......# .#
#.........######.#
#######.........
#....##### #....# g.....#
...#....#


You could see 2 gnolls.

Vanquished Creatures
  2 gnolls (D:3)
  2 dart slugs (D:1)
  A ribbon worm (D:2)
  3 ball pythons (D:1)
  3 endoplasms
  A giant cockroach (D:1)
  2 goblins (D:1)
  8 hobgoblins (D:1)
  4 jackals (D:1)
  2 kobolds (D:1)
  2 bats (D:1)
  4 frilled lizards
  A rat (D:1)
35 creatures vanquished.

Notes
Turn   | Place    | Note
-------+----------+-------------------------------------------
     0 | D:1      | monsoonserge the Gnoll Shapeshifter began the quest for the
                  | Orb.
     0 | D:1      | Reached XP level 1. HP: 17/17 MP: 1/1
   124 | D:1      | Reached XP level 2. HP: 11/23 MP: 2/2
   365 | D:1      | Found a faded altar of an unknown god.
   377 | D:1      | Reached XP level 3. HP: 13/28 MP: 3/3
   484 | D:1      | Reached skill level 1 in Invocations
  1030 | D:3      | Reached skill level 1 in Short Blades
  1030 | D:3      | Reached skill level 1 in Long Blades
  1030 | D:3      | Reached skill level 1 in Axes
  1030 | D:3      | Reached skill level 1 in Maces & Flails
  1030 | D:3      | Reached skill level 1 in Polearms
  1030 | D:3      | Reached skill level 1 in Staves
  1030 | D:3      | Reached skill level 1 in Ranged Weapons
  1030 | D:3      | Reached skill level 1 in Throwing
  1030 | D:3      | Reached skill level 1 in Armour
  1030 | D:3      | Reached skill level 1 in Stealth
  1030 | D:3      | Reached skill level 1 in Shields
  1030 | D:3      | Reached skill level 1 in Spellcasting
  1030 | D:3      | Reached skill level 1 in Evocations
  1122 | D:3      | Reached XP level 4. HP: 32/34 MP: 5/5
  1132 | D:2      | Slain by a gnoll

Illustrated notes

Levels and vault maps discovered:
D:1:      roadster_arrival_rocket_large, layout_loops_ring,
          chequers_ecumenical_altar_simple_redux
D:2:      layout_basic, minmay_crystal_room, uniq_natasha, uniq_robin
D:3:      layout_basic, mainiacjoe_overflow_cross_hatched,
          nicolae_ru_awakened_eye

Skill      XL: |  1  2  3 |
---------------+----------+-----
Invocations    | 1 |  1.2
Short Blades   | 1 |  1.1
Long Blades    | 1 |  1.1
Axes           | 1 |  1.1
Maces & Flails | 1 |  1.1
Polearms       | 1 |  1.1
Staves         | 1 |  1.1
Ranged Weapons | 1 |  1.1
Throwing       | 1 |  1.1
Armour         | 1 |  1.1
Stealth        | 1 |  1.1
Shields        | 1 |  1.1
Spellcasting   | 1 |  1.1
Evocations     | 1 |  1.1
Fighting       | |  2.7
Dodging        | |  4.6
Unarmed Combat | |  6.6
Conjurations   | |  0.8
Hexes          | |  0.8
Summonings     | |  0.8
Necromancy     | |  0.8
Translocations | |  0.8
Fire Magic     | |  0.8
Ice Magic      | |  0.8
Air Magic      | |  0.8
Earth Magic    | |  0.8
Alchemy        | |  0.8
Shapeshifting  | |  6.5

Action                     |  1- 3 |  4- 6 || total
---------------------------+-------+-------++-------
  Melee: Unarmed           |   115 |     6 ||   121
         Bite              |    17 |       ||    17
   Stab: Distracted        |     1 |       ||     1
 Armour: Skin              |    30 |     4 ||    34
  Dodge: Dodged            |    82 |    10 ||    92
   Form: Flux              |     2 |       ||     2
         Beast             |     1 |       ||     1
